 Dungeon Crawl Stone Soup version 0.17-b1-15-g0f5fb43 (webtiles) character file.

287 Grim the Skirmisher (level 6, -6/68 HPs)
             Began as an Ogre Fighter on Nov 3, 2015.
             Mangled by an ogre
             ... wielding a +0 giant club
              (29 damage)
             ... on level 4 of the Dungeon.
             The game lasted 00:08:20 (3746 turns).

Grim the Skirmisher (Ogre Fighter)                  Turns: 3746, Time: 00:08:20

Health: -6/68      AC:  3    Str: 22    XL:     6   Next: 30%
Magic:  6/6        EV: 10    Int:  7    God:
Gold:   111        SH:  0    Dex: 11    Spells: 0 memorised, 5 levels left

rFire  . . .     SeeInvis .     a - +0 flail
rCold  . . .     Clarity  .     b - +0 robe
rNeg   . . .     SustAt   .     (no shield)
rPois  .         Gourm    .     (helmet restricted)
rElec  .         Spirit   .     (no cloak)
rCorr  .         Warding  .     (gloves unavailable)
rMut   .         Stasis   .     (boots unavailable)
MR     .....                    (no amulet)
Stlth  +.........               (no ring)
                                (no ring)

@: drained, not resistant to hostile enchantments, very unstealthy
A: unfitting armour, tough skin 1
a: no special abilities


You were on level 4 of the Dungeon.
You were not hungry.

You visited 1 branch of the dungeon, and saw 4 of its levels.

You collected 111 gold pieces.

Inventory:

Hand Weapons
 a - a +0 flail (weapon)
 p - a +0 morningstar
Missiles
 u - 2 throwing nets (quivered)
Armour
 b - a +0 robe (worn)
Wands
 g - a wand of polymorph (18)
 v - a wand of frost (30)
Scrolls
 c - a scroll of immolation {unknown}
 f - 2 scrolls of enchant armour {unknown}
 h - 2 scrolls of identify
 i - a scroll of blinking {unknown}
 l - a scroll of noise {unknown}
 m - a scroll of recharging {unknown}
 o - 2 scrolls of amnesia {unknown}
 r - a scroll of fear {unknown}
Potions
 d - a potion of might
 j - a potion of magic
 k - 2 potions of mutation {!q}
 s - a potion of heal wounds {unknown}
 t - a potion of degeneration {unknown}
Comestibles
 e - 2 bread rations
 q - a meat ration


   Skills:
 + Level 6.6(6.3) Fighting
 + Level 5.8(5.6) Maces & Flails
 - Level 2.6(2.4) Dodging
 + Level 1.8(1.6) Stealth
   Level 2.6(2.4) Shields


You had 5 spell levels left.
You didn't know any spells.

Dungeon Overview and Level Annotations

Branches:
Dungeon (4/15)
 Temple: D:4-7

Altars:
Kikubaaqudgha
Makhleb


Innate Abilities, Weirdness & Mutations

You are too large for most types of armour.
You have tough skin (AC +1).


Message History

The ogre barely misses you.
You barely miss the ogre.
The ogre is heavily wounded.
You hit the ogre.
The ogre is heavily wounded.
The ogre hits you with a giant club!
You hit the ogre.
The ogre is heavily wounded.
The ogre hits you with a giant club!
You hit the ogre but do no damage.
The ogre is heavily wounded.
The ogre hits you with a giant club!!
* * * LOW HITPOINT WARNING * * *
You thump the ogre!
The ogre is almost dead.
The ogre closely misses you.
You barely miss the ogre.
The ogre is almost dead.
The ogre hits you with a giant club!!
You die...

.... ..... .....
#.... #... #...###
#...O.####
#...@...###
#.........##
#..........##
#...........##
#............## .
#.............#
#..
..##........)#####
... ........######
##.. ...<....#
#..#


You could see an ogre.

Vanquished Creatures
  Blork the orc (D:4)
  Terence (D:3)
  An orc wizard (D:3)
  Natasha (thrice) (D:3)
  8 adders
  2 giant geckos
  4 orcs (D:3)
  A ball python (D:2)
  2 giant cockroaches (D:1)
  4 hobgoblins
  A quokka (D:3)
  4 bats
  3 giant newts
  9 goblins
  6 jackals
  6 kobolds
  8 rats
64 creatures vanquished.

Vanquished Creatures (others)
  4 toadstools (D:1)
4 creatures vanquished.

Grand Total: 68 creatures vanquished

Notes
Turn   | Place    | Note
--------------------------------------------------------------
     0 | D:1      | Grim the Ogre Fighter began the quest for the Orb.
     0 | D:1      | Reached XP level 1. HP: 24/24 MP: 1/1
   453 | D:1      | Reached XP level 2. HP: 26/33 MP: 2/2
   799 | D:1      | Reached skill level 5 in Fighting
   799 | D:1      | Reached XP level 3. HP: 37/42 MP: 3/3
  1478 | D:2      | Reached XP level 4. HP: 47/50 MP: 4/4
  1481 | D:2      | Found a burning altar of Makhleb.
  1482 | D:2      | Found an ancient bone altar of Kikubaaqudgha.
  2118 | D:3      | Reached skill level 1 in Stealth
  2389 | D:3      | Reached XP level 5. HP: 54/59 MP: 5/5
  2437 | D:3      | Noticed Terence
  2452 | D:3      | Killed Terence
  2452 | D:3      | Reached skill level 5 in Maces & Flails
  2896 | D:3      | Noticed Natasha
  2907 | D:3      | Killed Natasha
  2907 | D:3      | Reached skill level 6 in Fighting
  2980 | D:3      | Noticed Natasha
  2985 | D:3      | Killed Natasha
  2988 | D:3      | Noticed Natasha
  2994 | D:3      | Killed Natasha
  3523 | D:4      | Noticed Blork the orc
  3533 | D:4      | Killed Blork the orc
  3533 | D:4      | Reached XP level 6. HP: 25/68 MP: 6/6
  3735 | D:4      | Noticed an ogre
  3746 | D:4      | Mangled by an ogre

Action                   |  1- 3 |  4- 6 || total
-------------------------+-------+-------++-------
Melee: Flail             |    97 |   126 ||   223
  Use: Scroll            |       |     2 ||     2
 Stab: Sleeping          |     2 |       ||     2
  Eat: Chunk             |     2 |     6 ||     8
       Pizza             |       |     1 ||     1
